 Dungeon Sprint DCSS version 0.29-a0-418-gc0181ea820 (webtiles) character file.

Game seed: 6011962252128132315

2500000 Zeld the Intangible (level 19, -32/174 HPs)
             Began as a Djinni Monk on May 17, 2022.
             Was the Champion of Makhleb.
             Annihilated by a large bag of meat
             ... wielding a +9 giant spiked club
              (74 damage)
             ... in the Dungeon (Sprint VIII: "Arena of Blood").
             The game lasted 00:00:35 (25 turns).

Zeld the Intangible (Djinni Monk)                     Turns: 25, Time: 00:00:36

Health: -32/174    AC:  2    Str: 16    XL:     19   Next: 80%
Gold:   0          EV: 30    Int: 12    God:    Makhleb [******] SH:  0 Dex: 18

rFire   + + .      SeeInvis .   h - +∞ Axe of Woe
rCold   x . .      Faith    .   (shield currently unavailable)
rNeg    . . .      Spirit   .   a - +0 robe
rPois   ∞          Reflect  .   (no helmet)
rElec   .          Harm     .   (no cloak)
rCorr   .          Rampage  .   (no gloves)
Will    +....      NoTele   +   (boots unavailable)
Stlth   +++++.....              (no amulet)
HPRegen 0.39/turn               (no ring)
MPRegen 0.00/turn               (no ring)

@: flying
A: sickness immunity, fire resistance 2, cold vulnerability 1, float, innate
caster, HP casting, extra vitality 1
a: Renounce Religion, Minor Destruction, Lesser Servant of Makhleb, Major
Destruction, Greater Servant of Makhleb


You were in the Dungeon.
You worshipped Makhleb.
Makhleb was exalted by your worship.
You visited 1 branch

Inventory:

Hand Weapons
 h - the +∞ Axe of Woe (weapon)
   (You found it in the Dungeon)
Armour
 a - a +0 robe (worn)
Scrolls
 g - a scroll of blinking
Potions
 b - a potion of ambrosia
 c - a potion of curing
 d - a potion of heal wounds
 e - a potion of haste
 f - a potion of berserk rage


   Skills:
 O Level 27 Fighting
 + Level 26.2 Axes
 O Level 27 Dodging
 + Level 12.5 Stealth
 O Level 27 Unarmed Combat
 * Level 23.3 Spellcasting


You had 26 spell levels left.
You knew the following spells:

 Your Spells              Type           Power      Damage    Failure   Level
a - Shock                 Conj/Air       100%       1d9       0%          1
b - Wereblood             Tmut           63%        N/A       0%          2
c - Mephitic Cloud        Conj/Pois/Air  63%        N/A       0%          3
d - Inner Flame           Hex/Fire       63%        N/A       0%          3
e - Lee's Rapid Deconstr  Erth           31%        3d17*     0%          5
f - Agony                 Necr           63%        N/A       0%          5
g - Statue Form           Tmut/Erth      42%        N/A       1%          6
h - Conjure Ball Lightni  Conj/Air       31%        3x3d10    1%          6
i - Spellforged Servitor  Conj/Summ      31%        N/A       1%          7
Your spell library was empty.

Dungeon Overview and Level Annotations

Branches:
Dungeon (1/1)

Altars:
Makhleb


Innate Abilities, Weirdness & Mutations

You are immune to sickness and miasma.
You are immune to poison.
Your flesh is very heat resistant. (rF++)
You are vulnerable to cold. (rC-)
You float through the air rather than walking.
You learn spells naturally, not from books.
Your magical power is your life essence.
You have superior vitality. (+4 MHP)


Message History

A large bag of meat comes into view. It is wielding a +9 giant spiked club.
Your Axes skill gained 4 levels and is now at level 24!
Your Stealth skill increases to level 12!
Your Spellcasting skill gained 3 levels and is now at level 22!
You have reached level 19!
The power to cast Spellforged Servitor wells up from within.
Spell assigned to 'i'.
Unknown command.
Unknown command.
You slice the bag of meat!!
You slaughter the bag of meat joyfully.
You kill the bag of meat!
Makhleb accepts your kill.
You slice the bag of meat!!
You fatally mangle the bag of meat.
You kill the bag of meat!
Makhleb accepts your kill.
The large bag of meat appears out of thin air!
A large bag of meat comes into view. It is wielding a +9 giant spiked club.
The large bag of meat shouts in stereo!
You hear a shout! x4
A bag of meat comes into view. It is wielding a +9 war axe. x2
The destroyer casts a spell at you.
The destroyer blinks!
A destroyer comes into view. It is wielding a +9 vorpal great sword.
Your Axes skill gained 2 levels and is now at level 26!
Your Spellcasting skill increases to level 23!
Unknown command.
Unknown command.
Unknown command.
Casting: Lee's Rapid Deconstruction (safe; 0% risk of failure)
Confirm with . or Enter, or press ? or * to list all spells.
You summon a servant imbued with your destructive magic!
You hear a shout! x13
The destroyer gestures at you while chanting.
The destroyer blinks!
The destroyer points at you and mumbles some strange words.
The destroyer blinks!
The large bag of meat hits you with a +9 giant spiked club!!!!
Ouch! That really hurt!
* * * LOW HITPOINT WARNING * * *
The large bag of meat hits you with a +9 giant spiked club!!!!
You die...

.. .. .. .. #.
.# #.. ..#
.###.. §o###.
......###o.....
......._.......
....#.9o..#....
. #_)@V_# .


#V.OoO# ....._..... ...V..###o.o.o. .###§. O.###. #.. oo# #.. ..# .. o. You
could see 3 destroyers, 2 large bags of meat, a meat berserker (berserk), 10
bags of meat and a friendly spellforged servitor (summoned).

Vanquished Creatures
  10 ogres (D)
  13 orcs (D)
23 creatures vanquished.

Notes
Turn   | Place    | Note
-------+----------+-------------------------------------------
     0 | D        | Found the +∞ Axe of Woe
     0 | D        | Zeld the Djinni Monk began the quest for the Orb.
     0 | D        | Reached XP level 1. HP: 20/20 MP: 0/0
     2 | D        | Noticed a bag of meat
     5 | D        | Became a worshipper of Makhleb the Destroyer
     5 | D        | Reached * piety under Makhleb
     5 | D        | Reached ** piety under Makhleb
     7 | D        | Noticed a bag of meat
     7 | D        | Noticed a meat berserker
     7 | D        | Noticed a bag of meat
    11 | D        | Noticed a meat berserker
    12 | D        | Noticed a bag of meat
    12 | D        | Noticed a bag of meat
    13 | D        | Killed a meat berserker
    13 | D        | Noticed a bag of meat
    13 | D        | Noticed a bag of meat
    14 | D        | Reached XP level 2. HP: 46/46 MP: 0/0
    14 | D        | Reached XP level 3. HP: 51/51 MP: 0/0
    14 | D        | Learned a level 1 spell: Shock
    14 | D        | Reached XP level 4. HP: 58/58 MP: 0/0
    14 | D        | Reached XP level 5. HP: 64/64 MP: 0/0
    14 | D        | Learned a level 2 spell: Wereblood
    14 | D        | Reached XP level 6. HP: 70/70 MP: 0/0
    14 | D        | Reached XP level 7. HP: 76/76 MP: 0/0
    14 | D        | Learned a level 3 spell: Mephitic Cloud
    14 | D        | Reached XP level 8. HP: 82/82 MP: 0/0
    14 | D        | Reached XP level 9. HP: 88/88 MP: 0/0
    14 | D        | Learned a level 3 spell: Inner Flame
    14 | D        | Reached XP level 10. HP: 94/94 MP: 0/0
    14 | D        | Reached XP level 11. HP: 100/100 MP: 0/0
    14 | D        | Learned a level 5 spell: Lee's Rapid Deconstruction
    14 | D        | Reached XP level 12. HP: 106/106 MP: 0/0
    14 | D        | Noticed a bag of meat
    15 | D        | Noticed a bag of meat
    15 | D        | Noticed a meat berserker
    16 | D        | Killed a meat berserker
    16 | D        | Noticed a meat berserker
    16 | D        | Noticed a meat berserker
    16 | D        | Noticed a meat berserker
    16 | D        | Noticed a bag of meat
    16 | D        | Noticed a bag of meat
    16 | D        | Noticed a bag of meat
    17 | D        | Reached XP level 13. HP: 33/117 MP: 0/0
    17 | D        | Learned a level 5 spell: Agony
    17 | D        | Killed a bag of meat
    17 | D        | Killed a bag of meat
    17 | D        | Reached *** piety under Makhleb
    17 | D        | Noticed a meat berserker
    17 | D        | Noticed a bag of meat
    17 | D        | Noticed a meat berserker
    17 | D        | Noticed a bag of meat
    18 | D        | Reached XP level 14. HP: 15/126 MP: 0/0
    18 | D        | Killed a meat berserker
    18 | D        | Killed a bag of meat
    18 | D        | Killed a bag of meat
    18 | D        | Reached **** piety under Makhleb
    18 | D        | Killed a bag of meat
    18 | D        | Noticed a meat berserker
    18 | D        | Noticed a meat berserker
    19 | D        | Reached XP level 15. HP: 59/138 MP: 0/0
    19 | D        | Learned a level 6 spell: Statue Form
    19 | D        | Killed a meat berserker
    19 | D        | Killed a meat berserker
    19 | D        | Reached ***** piety under Makhleb
    19 | D        | Killed a meat berserker
    19 | D        | Noticed a destroyer
    20 | D        | Reached skill level 27 in Dodging
    20 | D        | Reached skill level 15 in Spellcasting
    20 | D        | Reached XP level 16. HP: 119/152 MP: 0/0
    20 | D        | Reached XP level 17. HP: 124/158 MP: 0/0
    20 | D        | Learned a level 6 spell: Conjure Ball Lightning
    20 | D        | Killed a meat berserker
    21 | D        | Reached skill level 27 in Fighting
    21 | D        | Reached skill level 10 in Stealth
    21 | D        | Noticed a meat berserker
    22 | D        | Reached XP level 18. HP: 167/167 MP: 0/0
    22 | D        | Killed a meat berserker
    23 | D        | Reached skill level 27 in Unarmed Combat
    23 | D        | Killed a meat berserker
    23 | D        | Reached ****** piety under Makhleb
    23 | D        | Killed a meat berserker
    23 | D        | Noticed a destroyer
    23 | D        | Noticed a large bag of meat
    24 | D        | Reached XP level 19. HP: 174/174 MP: 0/0
    24 | D        | Learned a level 7 spell: Spellforged Servitor
    24 | D        | Noticed a large bag of meat
    24 | D        | Noticed a destroyer
    25 | D        | Annihilated by a large bag of meat

Illustrated notes

Levels and vault maps discovered:
D:        meatsprint

Skill      XL: |  1  2  3  4  5  6  7  8  9 10 11 12 13 14 15 16 17 18 19 |
---------------+----------------------------------------------------------+-----
Fighting       | 17 19 20 23 26 27 | 27.0
Dodging        | 18 20 22 24 27 | 27.0
Stealth        | 6 7 8 9 10 12 | 12.5
Unarmed Combat | 17 19 20 22 24 26 27 | 27.0
Axes           | 2 4 9 14 18 24 26 | 26.2
Spellcasting   | 6 8 12 15 18 22 23 | 23.3

Action                   |  1- 3 |  4- 6 |  7- 9 | 10-12 | 13-15 | 16-18 | 19-21 || total
-------------------------+-------+-------+-------+-------+-------+-------+-------++-------
Melee: Executioner's axe |     1 |       |       |     1 |     3 |     4 |     1 ||    10
 Cast: Spellforged Servi |       |       |       |       |       |       |     1 ||     1
Dodge: Dodged            |       |       |       |       |     2 |     1 |       ||     3

Table legend: (Time is in decaauts)
 A = Elapsed time spent in this place.
 B = Non-inter-level travel time spent in this place.
 C = Inter-level travel time spent in this place.
 D = Time resting spent in this place.
 E = Time spent auto-exploring this place.
 F = Levels seen in this place.
 G = Mean time per level.
                   A        B        C        D        E       F      G
               +--------+--------+--------+--------+--------+-----+--------+
         Total |     28 |     28 |      0 |      0 |      0 |   1 |   28.0 |
       Dungeon |     28 |     28 |      0 |      0 |      0 |   1 |   28.0 |
               +--------+--------+--------+--------+--------+-----+--------+

Top non-repeatable levels by time:
       D: 28 daAuts
